 Dungeon Crawl Stone Soup version 0.31-a0-557-g6e16503903 (webtiles) character file.

Game seed: 5471913514644637272

369 bmack86 the Chopper (level 6, 0/51 HPs)
             Began as a Minotaur Fighter on Aug 16, 2023.
             Was an Initiate of Trog.
             Slain by an iguana (9 damage)
             ... on level 4 of the Dungeon.
             The game lasted 00:06:34 (2578 turns).

bmack86 the Chopper (Minotaur Fighter)              Turns: 2578, Time: 00:06:35

Health: 0/51       AC: 10    Str: 23    XL:     6   Next: 41%
Magic:  5/5        EV:  9    Int:  5    God:    Trog [......]
Gold:   98         SH:  4    Dex:  9    Spells: 5/5 levels left

rFire   . . .        a - +0 war axe
rCold   . . .        c - +0 buckler
rNeg    . . .        b - +0 scale mail
rPois   .            (helmet restricted)
rElec   .            f - +0 cloak
rCorr   .            (no gloves)
SInv    .            q - +1 pair of boots {Fly}
Will    .....        (no amulet) Stlth
                     (no ring)
HPRegen 0.28/turn    (no ring)
MPRegen 0.09/turn

%: no passive effects
@: flying
A: horns 2, retaliatory headbutt
a: Renounce Religion


You were on level 4 of the Dungeon.
You worshipped Trog.
Trog was noncommittal.
You visited 1 branch of the dungeon, and saw 4 of its levels.

You collected 98 gold pieces.

Inventory:

Hand Weapons
 a - a +0 war axe (weapon)
Armour
 b - a +0 scale mail (worn)
 c - a +0 buckler (worn)
 f - a +0 cloak (worn)
 q - a +1 pair of boots of flying (worn)
Wands
 r - a wand of flame (17) (quivered)
Scrolls
 e - 2 scrolls of identify {unknown}
 h - a scroll of immolation {unknown}
 i - 4 scrolls of brand weapon {unknown}
 l - a scroll of enchant weapon {unknown}
 m - 6 scrolls of poison {unknown}
 o - a scroll of amnesia {unknown}
 p - 2 scrolls of fear {unknown}
 s - 2 scrolls of teleportation {unknown}
Potions
 d - a potion of might
 g - a potion of lignification {unknown}
 j - a potion of resistance {unknown}
 k - 2 potions of attraction {unknown}
 n - 2 potions of enlightenment {unknown}


   Skills:
 - Level 3.6 Fighting
 + Level 7.6 Axes
 - Level 3.6 Armour
 - Level 5.0 Shields


You had 5 spell levels left.
You didn't know any spells.
Your spell library was empty.

Dungeon Overview and Level Annotations

Branches:
Dungeon (4/15)
 Temple: D:4-7

Altars:
Ashenzari
Gozag
Trog


Innate Abilities, Weirdness & Mutations

You have a pair of horns on your head.
You reflexively headbutt those who attack you in melee.


Message History

Partly explored, can't reach some places.
There is a stone staircase leading down here.
You fly downwards.
The iguana hisses angrily.
The adder hisses angrily.
There is a stone staircase leading up here.
The iguana bites you! The adder bites you but does no damage.
You barely miss the iguana. Your headbutt misses the iguana.
You miss the adder. The adder bites you.
You are poisoned.
The adder poisons you! The iguana bites you. The adder misses you.
You furiously retaliate!
You headbutt the adder. The iguana bites you.
You hit the iguana.
The iguana is lightly wounded.
You closely miss the adder.
You feel sick. The adder bites you but does no damage. The iguana bites you!
Unknown command.
You closely miss the iguana.
The iguana is lightly wounded.
You hit the adder.
You feel sick. The adder bites you but does no damage.
The iguana barely misses you. The adder closely misses you.
You hit the iguana.
The iguana is lightly wounded.
You hit the adder.
You kill the adder!
Trog accepts your kill.
You feel sick.
You are no longer poisoned.
You block the iguana's attack.
You barely miss the iguana.
You headbutt the iguana, but do no damage.
The iguana is lightly wounded.
The iguana bites you.
You hit the iguana.
The iguana is moderately wounded.
The iguana bites you!
* * * LOW HITPOINT WARNING * * *
You closely miss the iguana.
The iguana is moderately wounded.
The iguana bites you!
You die...

...[..
..##### #..
..... . ##.
..#.# #..#..
##...# #.....
....###
#..##.
##.#...+ #.
##
########....#
# #
......l@..<.#
#
..#########.#
. ... # ####


You could see an iguana.

Vanquished Creatures
  Grinder (D:3)
  An orc priest (D:3)
  Robin (D:3)
  5 adders
  A worm (D:3)
  2 orcs (D:3)
  4 ball pythons
  4 endoplasms
  2 giant cockroaches (D:1)
  14 goblins
  9 hobgoblins
  8 jackals
  4 quokkas
  4 bats
  7 frilled lizards
  5 kobolds
  7 rats
79 creatures vanquished.

Notes
Turn   | Place    | Note
-------+----------+-------------------------------------------
     0 | D:1      | bmack86 the Minotaur Fighter began the quest for the Orb.
     0 | D:1      | Reached XP level 1. HP: 19/19 MP: 0/0
   108 | D:1      | Found a faded altar of an unknown god.
   132 | D:1      | Reached XP level 2. HP: 11/26 MP: 1/1
   262 | D:1      | Reached skill level 3 in Axes
   331 | D:1      | Reached XP level 3. HP: 26/31 MP: 2/2
   988 | D:2      | Reached skill level 5 in Shields
  1167 | D:2      | Reached skill level 4 in Axes
  1226 | D:2      | Reached XP level 4. HP: 39/39 MP: 3/3
  1509 | D:3      | Reached skill level 5 in Axes
  1612 | D:3      | Found a bloodstained altar of Trog.
  1625 | D:3      | Became a worshipper of Trog the Wrathful
  1671 | D:3      | Noticed Grinder
  1816 | D:3      | Paralysed by Grinder for 4 turns
  1827 | D:3      | Paralysed by Grinder for 5 turns
  1834 | D:3      | Killed Grinder
  1835 | D:3      | Reached skill level 7 in Axes
  1835 | D:3      | Reached XP level 5. HP: 20/45 MP: 4/4
  1835 | D:3      | Reached XP level 6. HP: 22/51 MP: 5/5
  2034 | D:3      | Noticed Robin
  2042 | D:3      | Killed Robin
  2350 | D:3      | Found an opulent altar of Gozag.
  2552 | D:3      | Found a broken altar of Ashenzari.
  2578 | D:4      | Slain by an iguana

Illustrated notes

Levels and vault maps discovered:
D:1:      denvon_arrival_waterhouse, layout_basic, basic_ecumenical_altar
D:2:      layout_basic, serial_forest, infiniplex_forest_diagonal,
          infiniplex_forest_end_2, infiniplex_forest_straight_1,
          infiniplex_forest_clump_diagonal
D:3:      layout_basic, mainiacjoe_overflow_boulevard, general_overflow_altar,
          lemuel_tele_altar, guppyfry_early_lair_pool, uniq_grinder, uniq_robin
D:4:      layout_rooms, mainiacjoe_overflow_24_doors, lemuel_doored_altar,
          corexii_leaking_fountain

Skill      XL: |  1  2  3  4 |
---------------+-------------+-----
Shields        | 4 5 |  5.0
Axes           | 3 4 7 |  7.6
Fighting       | |  3.6
Armour         | |  3.6

Action                     |  1- 3 |  4- 6 || total
---------------------------+-------+-------++-------
  Melee: War axe           |    97 |    54 ||   151
         Headbutt          |    17 |    10 ||    27
 Armour: Scale mail        |    69 |    28 ||    97
  Dodge: Dodged            |    64 |    26 ||    90
  Block: Buckler           |    32 |    19 ||    51

Table legend: (Time is in decaauts)
 A = Elapsed time spent in this place.
 B = Non-inter-level travel time spent in this place.
 C = Inter-level travel time spent in this place.
 D = Time resting spent in this place.
 E = Time spent auto-exploring this place.
 F = Levels seen in this place.
 G = Mean time per level.
                   A        B        C        D        E       F      G
               +--------+--------+--------+--------+--------+-----+--------+
         Total |   2628 |   2559 |     69 |     97 |   1905 |   4 |  657.0 |
       Dungeon |   2628 |   2559 |     69 |     97 |   1905 |   4 |  657.0 |
               +--------+--------+--------+--------+--------+-----+--------+

Top non-repeatable levels by time:
     D:3: 961 daAuts
     D:1: 908 daAuts
     D:2: 629 daAuts
     D:4: 129 daAuts
